 Dungeon Crawl Stone Soup version 0.28.0-43-g3370ac3207 (webtiles) character file.

Game seed: 2958542568114270150

750 graymark the Chopper (level 7, -9/55 HPs)
             Began as a Demonspawn Gladiator on Mar 1, 2022.
             Was an Initiate of Makhleb.
             Killed from afar by Ijyb (23 damage)
             ... with a bolt of acid
             ... on level 4 of the Dungeon.
             The game lasted 00:08:51 (3106 turns).

graymark the Chopper (Demonspawn Gladiator)         Turns: 3106, Time: 00:08:52

Health: -9/55      AC:  1    Str: 17    XL:     7   Next: 48%
Magic:  7/7        EV: 12    Int:  9    God:    Makhleb [......]
Gold:   103        SH:  0    Dex: 14    Spells: 6/6 levels left

rFire   . . .      SeeInvis +   a - +2 war axe
rCold   . . .      Faith    .   (no shield)
rNeg    + . .      Spirit   .   p - +1 ring mail {rN+}
rPois   .          Reflect  .   c - +0 helmet
rElec   .          Harm     .   l - +0 cloak
rCorr   .          Rampage  .   (no gloves)
Will    .....                   s - +0 pair of boots
Stlth   +.........              (no amulet)
HPRegen 0.18/turn               q - ring of see invisible
MPRegen 0.20/turn               (no ring)

@: corroded
A: powered by pain 1, magic regeneration, demonic touch 2
a: Renounce Religion


You were on level 4 of the Dungeon.
You worshipped Makhleb.
Makhleb was noncommittal.
You visited 2 branches of the dungeon, and saw 5 of its levels.

You collected 103 gold pieces.

Inventory:

Hand Weapons
 a - a +2 war axe (weapon)
 v - a +0 dagger of electrocution
Missiles
 d - 3 throwing nets (quivered)
 y - 22 sling bullets
Armour
 b - a +0 leather armour
 c - a +0 helmet (worn)
 l - a +0 cloak (worn)
 p - a +1 ring mail of positive energy (worn)
 s - a +0 pair of boots (worn)
Jewellery
 q - a ring of see invisible (left hand)
Scrolls
 f - a scroll of amnesia {unknown}
 m - 3 scrolls of teleportation
 n - a scroll of noise
 o - a scroll of fog
 r - a scroll of magic mapping
 u - a scroll of immolation {unknown}
 z - a scroll of fear {unknown}
 A - a scroll of identify
Potions
 e - a potion of curing
 g - a potion of berserk rage {unknown}
 h - 2 potions of lignification {unknown}
 i - 2 potions of flight
 j - a potion of ambrosia {unknown}
 k - 2 potions of haste
 w - a potion of resistance {unknown}
 x - a potion of brilliance {unknown}


   Skills:
 + Level 4.8 Fighting
 + Level 4.9 Axes
 - Level 1.7 Throwing
 + Level 2.4 Armour
 + Level 4.9 Dodging


You had 6 spell levels left.
You didn't know any spells.
Your spell library contained the following spells:

 Spells                   Type           Power      Damage    Failure   Level
 Slow                     Hex            0%         N/A       58%         1
 Confusing Touch          Hex            0%         N/A       91%         3
 Vampiric Draining        Necr           0%         2d6       91%         3


Dungeon Overview and Level Annotations

Branches:
Dungeon (4/15)             Temple (1/1) D:4

Altars:
Ashenzari
Cheibriados
Dithmenos
Gozag
Makhleb
Ru
Sif Muna
Trog
Wu Jian
Xom
Yredelemnul
Zin
The Shining One

Annotations:
D:4 Ijyb


Innate Abilities, Weirdness & Mutations

You sometimes gain a little power by taking damage.
You regenerate magic rapidly.
Your touch may inflict irresistible damage on your foes.


Message History

The goblin completely misses you.
You barely miss the goblin. The goblin hits you but does no damage.
You closely miss the goblin.
You touch the goblin.
You kill the goblin!
Makhleb accepts your kill.
No target in view!
A hobgoblin comes into view.
A hobgoblin is nearby!
You hit the hobgoblin.
The hobgoblin is almost dead.
The hobgoblin barely misses you.
You closely miss the hobgoblin. Your touch misses the hobgoblin.
The hobgoblin is severely wounded.
The hobgoblin completely misses you.
You hit the hobgoblin.
The hobgoblin is almost dead.
The hobgoblin barely misses you.
The hobgoblin hits you but does no damage.
You slash the hobgoblin!
You kill the hobgoblin!
Makhleb accepts your kill.
No target in view!
Found a stone staircase leading down.
Found a stone staircase leading down.
Ijyb the Twisted Goblin comes into view.
She is wielding a +0 club and carrying a wand of acid (9).
Ijyb shouts!
Found a stone staircase leading down.
Found 10 gold pieces.
A quokka comes into view.
Ijyb zaps a wand.
The bolt of acid hits you! The acid corrodes you! Ijyb hits you with a +0 club.
You hit Ijyb. Your touch misses Ijyb.
Ijyb is lightly wounded.
Ijyb zaps a wand.
The bolt of acid hits you!!
Ouch! That really hurt!
* * * LOW HITPOINT WARNING * * *
The acid corrodes you!
Ijyb grins evilly.
Ijyb zaps a wand.
The bolt of acid hits you!!
You die...

.###........#,,,,,*,,,*,,***,,,*,
....†..##.[...,,,,*...*,***,,,,,,
#.##..##......,,,,,..,*,,*,,**,,,
###...........##**..,,,,,,,,***,,
**##.###.......# *>#*,,,,,,***,,,
#.....#........###.##,,,,*** *,,*
...##.#.............#*,,,,****,,*
.................g..##..,,,,,,,,*
...............>@.......,,,,,,,,*
..................r.....,,,,,,,,,
.......................#*,,,,,,,*
.....................$..**,,,,,,,
...........#............,*,,,,,,,
...........#......#####.,*,,,**,*
..................#,,*,,,********
....................,,,,,*
.....................,,***


You could see Ijyb and a quokka.

Vanquished Creatures
  Grinder (D:2)
  Sigmund (D:2)
  Eustachio (D:4)
  Blork the orc (D:4)
  A jelly (D:4)
  An iguana (D:4)
  Natasha (twice) (D:3)
  Terence (D:3)
  3 adders (D:2)
  A worm (D:2)
  5 dart slugs
  An orc (D:3)
  7 ball pythons
  3 endoplasms
  A giant cockroach (D:3)
  9 hobgoblins
  2 jackals (D:2)
  A quokka (D:2)
  3 bats
  2 frilled lizards (D:1)
  2 goblins
  5 kobolds
54 creatures vanquished.

Notes
Turn   | Place    | Note
-------+----------+-------------------------------------------
     0 | D:1      | graymark the Demonspawn Gladiator began the quest for the
                  | Orb.
     0 | D:1      | Reached XP level 1. HP: 16/16 MP: 1/1
   334 | D:1      | Gained mutation: Your touch may inflict minor irresistible
                  | damage on your foes. [demonic ancestry]
   334 | D:1      | Reached XP level 2. HP: 20/22 MP: 2/2
   827 | D:2      | Gained mutation: Your touch may inflict irresistible damage
                  | on your foes. [demonic ancestry]
   827 | D:2      | Reached XP level 3. HP: 26/28 MP: 3/3
  1011 | D:2      | Noticed Sigmund
  1031 | D:2      | Killed Sigmund
  1032 | D:2      | Gained mutation: You regenerate magic rapidly. [demonic
                  | ancestry]
  1032 | D:2      | Reached XP level 4. HP: 15/36 MP: 4/4
  1032 | D:2      | Reached XP level 5. HP: 18/41 MP: 5/5
  1359 | D:2      | Found a faded altar of an unknown god.
  1467 | D:3      | Noticed Natasha
  1509 | D:3      | Killed Natasha
  1610 | D:3      | Noticed Grinder
  1645 | D:2      | Killed Grinder
  1646 | D:2      | Reached skill level 1 in Armour
  1646 | D:2      | Gained mutation: You sometimes gain a little power by
                  | taking damage. [demonic ancestry]
  1646 | D:2      | Reached XP level 6. HP: 32/48 MP: 6/6
  1916 | D:3      | Noticed Terence
  1923 | D:3      | Killed Terence
  1997 | D:3      | Noticed Natasha
  2003 | D:3      | Killed Natasha
  2322 | D:4      | Noticed Eustachio
  2339 | D:4      | Killed Eustachio
  2340 | D:4      | Reached XP level 7. HP: 25/55 MP: 7/7
  2548 | D:4      | Noticed Blork the orc
  2565 | D:4      | Killed Blork the orc
  2834 | D:4      | Found a staircase to the Ecumenical Temple.
  2861 | Temple   | Entered the Ecumenical Temple
  2918 | Temple   | Became a worshipper of Makhleb the Destroyer
  3101 | D:4      | Noticed Ijyb
  3106 | D:4      | Killed from afar by Ijyb

Illustrated notes

Levels and vault maps discovered:
D:1:      giann_forest_graveyard, layout_rooms, minmay_tetromino_s2
D:2:      layout_basic, nicolae_ecumenical_oubliette, uniq_sigmund
D:3:      layout_rooms, uniq_grinder, uniq_terence, uniq_natasha
D:4:      layout_cave_pools, minmay_temple_entry_drinking_statues, uniq_ijyb,
          uniq_blork_the_orc, uniq_eustachio
Temple:   cyrus_circular_temple

Skill      XL: |  1  2  3  4  5  6 |
---------------+-------------------+-----
Dodging        | 3 4 |  4.9
Axes           | 3 4 |  4.9
Fighting       | 3 4 |  4.8
Armour         | 1 2 |  2.4
Throwing       | |  1.7

Action                   |  1- 3 |  4- 6 |  7- 9 || total
-------------------------+-------+-------+-------++-------
Melee: War axe           |    65 |    75 |    27 ||   167
       Touch             |     4 |    14 |     6 ||    24
       Punch             |     1 |     2 |       ||     3
  Use: Scroll            |       |     6 |     3 ||     9
       Potion            |       |       |     1 ||     1
Armor: Leather armour    |     7 |       |       ||     7
       Ring mail         |    14 |    33 |     5 ||    52
Dodge: Dodged            |    55 |    63 |    17 ||   135
